Map: [ESL] Stargazers

Players

Elazer

  • Race: Zerg Zerg
  • Spawn Location: 11:00

Dark - Winner!

  • Race: Zerg Zerg
  • Spawn Location: 1:00

Event: DreamHack SC2 Masters 2022 Valencia

VOD

Have the link to the VOD?

Description

Time

  • Played on: July 3, 2022, 5:19 a.m.
  • Length: 3:47

All games in this series

Show
View Real Time Build Order
Export as new Build Order

Elazer Zerg 

Build Orders: Hatch First 

Get SALT Encoding   

  12  0:00  Drone  
  13  0:12  Overlord  
  13  0:16  Drone  
  14  0:30  Drone x2  
  16  0:47  Hatchery  
  15  0:51  Drone  
  15  0:54  Drone  
  17  1:08  Spawning Pool  
  17  1:11  Drone  
  17  1:13  Drone  
  18  1:19  Drone  
  19  1:28  Drone  
  20  1:39  Drone  
  21  1:56  Zergling x2  
  21  1:58  Queen  
  21  1:59  Zergling x2, Queen  
  21  2:00  Zergling x2  
  28  2:21  Drone  
  27  2:40  Queen  
  28  2:49  Overlord  
  28  2:54  Overlord x2  
  28  3:06  Hatchery  
  28  3:08  Drone  
  30  3:14  Drone x2  
  30  3:18  Drone  
  33  3:23  Drone x2  
Show
View Real Time Build Order
Export as new Build Order

Dark Zerg - Winner!

Build Orders: Pool First 

Get SALT Encoding   

  12  0:17  Spawning Pool  
  11  0:21  Drone  
  11  0:25  Drone  
  13  0:30  Drone  
  14  0:39  Overlord  
  14  1:04  Zergling x4  
  14  1:05  Zergling x2  
  14  1:06  Extractor  
  16  1:15  Zergling x2  
  17  1:20  Hatchery  
  16  1:26  Zergling x2  
  17  1:38  Zergling x2  
  18  1:43  Queen  
  20  1:48  Drone  
  21  2:07  Metabolic Boost  
  21  2:13  Zergling x2  
  22  2:23  Overlord  
  22  2:32  Queen  
  24  2:40  Zergling x6  
  24  2:47  Zergling x4  
  26  2:53  Zergling x2  
  26  2:55  Zergling x2  
  28  2:59  Zergling x2  
  28  3:02  Zergling x2  
  30  3:06  Zergling x2  
  31  3:13  Zergling x2  
  31  3:18  Zergling x4  
  34  3:26  Zergling x2  
  35  3:28  Zergling x2  

Tags
 
Add a new tag
Caveats
  • Supply blocks, unpowered buildings, or Contaminate may cause inaccurate times.
  • Supply counts are checked every 10 seconds.